[Event "Titled Tuesday Blitz July 27 2021"]
[White "Liyanage, Ranindu Dilshan"]
[Black "Altman, Joshua"]
[WhiteFideId "9915834"]
[BlackFideId "426210"]
[WhiteElo "1839"]
[BlackElo "1945"]
[Result "1-0"]
[Round "06"]
[TimeControl "180+1"]
[Date "2021.07.27"]
[WhiteClock "0:00:37"]
[BlackClock "0:00:16"]

1. c4 e5 2. Nc3 Nc6 3. Nf3 Nf6 4. e4 Bb4 5. d3 h6 6. a3 Bxc3+ 7. bxc3 d6 8. Be2 O-O 9. h3 b6 10. g4 Be6 11. g5 hxg5 12. Bxg5 Re8 13. Qd2 Kf8 14. h4 Ke7 15. d4 Na5 16. d5 Nb3 17. Qd1 Nxa1 18. dxe6 fxe6 19. Qxa1 Kd7 20. c5 bxc5 21. Qd1 c6 22. Nxe5+ Kc7 23. Nc4 Qd7 24. Qa4 Reb8 25. Nd2 Rb2 26. Qa5+ Kb7 27. Ba6+ Kb8 28. O-O Qc7 29. Qa4 Qb6 30. Nc4 Nxe4 31. Nxb6 1-0


[Site "https://www.chess.com"]

[Event "Titled Tuesday Blitz July 27 2021"]
[White "Lodici, Lorenzo"]
[Black "Hajiyeva, Laman"]
[WhiteFideId "884189"]
[BlackFideId "13415875"]
[WhiteElo "2265"]
[BlackElo "1728"]
[Result "1-0"]
[Round "06"]
[TimeControl "180+1"]
[Date "2021.07.27"]
[WhiteClock "0:00:08"]
[BlackClock "0:00:06"]

1. b3 d5 2. Bb2 Nf6 3. g3 Bf5 4. Bg2 e6 5. Nf3 Be7 6. Nh4 Bg4 7. h3 Bh5 8. g4 Bg6 9. d3 a5 10. a4 Na6 11. Nd2 c6 12. e3 b5 13. Ndf3 Bb4+ 14. Kf1 Rc8 15. Ne5 Qd6 16. f4 Qd8 17. Nhxg6 hxg6 18. Kf2 bxa4 19. Rxa4 Nc5 20. Ra1 Ncd7 21. g5 Nh5 22. Ng4 Qb6 23. d4 c5 24. c3 cxd4 25. cxd4 Bc3 26. Rc1 Qb4 27. Qd3 Qxb3 28. Bxc3 a4 29. Qd2 a3 30. Ba1 O-O 31. Rb1 Qa4 32. Rhc1 e5 33. fxe5 Rxc1 34. Rxc1 f5 35. gxf6 gxf6 36. Bxd5+ Kg7 37. e6 Nb6 38. Bc6 Qa7 39. e7 Qxe7 40. d5 Kh7 41. d6 Qe6 42. d7 Rd8 43. Bb5 Nxd7 44. Rc7 f5 45. Bxd7 Qe7 46. Bxf5 Qxc7 47. Bd3 Qg3+ 48. Ke2 Qg2+ 49. Kd1 Qg1+ 50. Kc2 Qxa1 51. Bxg6+ Kxg6 52. Qxd8 Qb2+ 53. Kd3 Qb1+ 54. Ke2 Qc2+ 55. Kf3 Qc6+ 56. Kf2 Qc2+ 57. Kf3 Qc6+ 58. e4 Qc3+ 59. Ne3 Qf6+ 60. Qxf6+ Nxf6 61. Nc2 a2 62. e5 Nd5 63. Ke4 Nc3+ 64. Kd4 Ne2+ 65. Kd5 Nf4+ 66. Kd6 Nxh3 67. e6 Ng5 68. e7 Kf7 69. Kd7 a1=Q 70. Nxa1 Kf6 71. e8=Q Ne4 72. Qxe4 1-0


[Site "https://www.chess.com"]

[Event "Titled Tuesday Blitz July 27 2021"]
[White "Maltsevskaya, Aleksandra"]
[Black "Seo, Jung Min"]
[WhiteFideId "24174041"]
[BlackFideId "1734687"]
[WhiteElo "2225"]
[BlackElo "2486"]
[Result "1-0"]
[Round "06"]
[TimeControl "180+1"]
[Date "2021.07.27"]
[WhiteClock "0:00:32"]
[BlackClock "0:01:49"]

1. e4 e5 2. Nf3 Nc6 3. Bb5 Nf6 4. d3 Bc5 5. O-O Nd4 6. Nxd4 Bxd4 7. c3 Bb6 8. a4 c6 9. Bc4 O-O 10. Bg5 h6 11. Bh4 g5 12. Bg3 d5 13. exd5 cxd5 14. Bb3 Bc7 15. Nd2 Bg4 16. Nf3 Nh5 17. h3 Nxg3 18. fxg3 Be6 19. d4 e4 20. Ne5 f6 21. Qh5 Qe7 22. Ng6 Qf7 23. Qxh6 Qg7 24. Qxg7+ Kxg7 25. Nxf8 Rxf8 26. g4 Bf4 27. Kf2 f5 28. g3 Bd6 29. gxf5 Bxf5 30. Kg2 e3 31. Bxd5 1-0


[Site "https://www.chess.com"]

[Event "Titled Tuesday Blitz July 27 2021"]
[White "Maly, Alexey"]
[Black "Costachi, Mihnea"]
[WhiteFideId "14103184"]
[BlackFideId "1217518"]
[WhiteElo "2285"]
[BlackElo "2482"]
[Result "0-1"]
[Round "06"]
[TimeControl "180+1"]
[Date "2021.07.27"]
[WhiteClock "0:00:12"]
[BlackClock "0:00:11"]

1. d4 Nf6 2. c4 c6 3. e3 d5 4. Bd3 Bg4 5. Qc2 e6 6. Nd2 Nbd7 7. Ngf3 Bd6 8. O-O O-O 9. b3 e5 10. dxe5 Nxe5 11. Be2 Qe7 12. Bb2 Nxf3+ 13. Bxf3 Bxf3 14. Nxf3 dxc4 15. Qxc4 Rad8 16. Rad1 Bb8 17. Qh4 Nd5 18. Qg4 f6 19. Rd2 Qd7 20. Qc4 Qf7 21. Rfd1 Bc7 22. g3 Nb6 23. Qc2 h6 24. Kg2 Rxd2 25. Rxd2 Rd8 26. h4 Rxd2 27. Qxd2 Qd5 28. Qxd5+ Nxd5 29. h5 Kf7 30. Nd4 Be5 31. Kf3 c5 32. e4 Nb4 33. a3 Nd3 34. Ke3 Nxb2 35. Nf5 c4 36. f4 Bc7 37. b4 c3 38. Ke2 Nc4 39. Kd3 Nxa3 40. Kxc3 a5 41. bxa5 Bxa5+ 42. Kb3 Nb1 43. Nd6+ Ke7 44. Nf5+ Kf8 45. Kc2 Na3+ 46. Kb3 Nb1 47. Kc2 Nd2 48. Kd3 b5 49. Nd4 Nf1 50. g4 Nh2 51. Nxb5 Nxg4 52. Ke2 Bb6 53. Nd6 Bc5 54. Nf5 Kf7 55. Kf3 Nf2 56. e5 fxe5 57. fxe5 Nd3 58. Ke4 Nb4 59. Nh4 Ke6 60. Nf5 Bf8 61. Nd4+ Kf7 62. Kf5 Nd5 63. Ke4 Nc7 64. Kf5 Bc5 65. e6+ Ke7 66. Nc6+ Kd6 67. Ne5 Nxe6 68. Nf7+ Ke7 69. Kg6 Bd4 70. Nxh6 Nf8+ 71. Kg5 Be3+ 72. Kf5 Bxh6 73. Ke5 Kf7 74. Kf5 Ne6 75. Ke5 Nf4 76. Kf5 Nxh5 77. Kg4 Nf6+ 78. Kf5 g5 79. Ke5 Kg6 80. Kd4 Kf5 81. Ke3 g4+ 82. Kf2 Kf4 83. Kg2 g3 84. Kh3 Kf3 85. Kh4 g2 86. Kh3 g1=Q 87. Kh4 Qg4# 0-1


[Site "https://www.chess.com"]

[Event "Titled Tuesday Blitz July 27 2021"]
[White "Manafov, Vugar"]
[Black "Saravana, Krishnan P."]
[WhiteFideId "13410814"]
[BlackFideId "5018382"]
[WhiteElo "2274"]
[BlackElo "2245"]
[Result "1-0"]
[Round "06"]
[TimeControl "180+1"]
[Date "2021.07.27"]
[WhiteClock "0:00:31"]
[BlackClock "0:00:17"]

1. d4 Nf6 2. c4 Nc6 3. Nc3 e5 4. e3 Bb4 5. a3 Bxc3+ 6. bxc3 O-O 7. Nf3 d6 8. a4 Bf5 9. Ba3 Re8 10. Be2 Ne4 11. Rc1 h6 12. O-O Qf6 13. Nd2 Rad8 14. Nxe4 Bxe4 15. Bf3 Bxf3 16. Qxf3 Qxf3 17. gxf3 Na5 18. c5 Nc4 19. Ra1 dxc5 20. Bxc5 b6 21. Bb4 a5 22. Ba3 Nd2 23. Rfd1 Nxf3+ 24. Kg2 e4 25. c4 Re6 26. h3 f5 27. c5 f4 28. cxb6 cxb6 29. Rac1 Rg6+ 30. Kf1 fxe3 31. fxe3 Kh7 32. d5 Ne5 33. Be7 Rd7 34. d6 Nd3 35. Rc6 Ne5 36. Rxb6 Nc4 37. Rc6 Nxe3+ 38. Ke2 Nxd1 39. Kxd1 Rg2 40. Rc7 Rxd6+ 41. Bxd6 Kg6 42. Rc5 e3 43. Bf4 Rd2+ 44. Ke1 Rd4 45. Bxe3 Rxa4 46. Bd2 Ra3 47. Kf2 Rxh3 48. Bxa5 Rh5 49. Rc6+ Kh7 50. Bc3 Rg5 51. Rc7 Rg6 52. Kf3 Rg5 53. Kf4 Rg6 54. Be5 Rg5 55. Ke4 Kg8 56. Kd5 h5 57. Ke4 Kh7 58. Bf6 Rg4+ 59. Kf5 Kh6 60. Be5 Rg5+ 61. Ke6 Rg6+ 62. Kf7 h4 63. Bf4+ Kh7 64. Be5 Kh6 65. Rc5 h3 66. Bf4+ Kh7 67. Rh5+ 1-0


[Site "https://www.chess.com"]

[Event "Titled Tuesday Blitz July 27 2021"]
[White "Manukyan, Artyom"]
[Black "Stribuk, Artiom"]
[WhiteFideId "13305786"]
[BlackFideId "13515659"]
[WhiteElo "2034"]
[BlackElo "2224"]
[Result "0-1"]
[Round "06"]
[TimeControl "180+1"]
[Date "2021.07.27"]
[WhiteClock "0:00:03"]
[BlackClock "0:00:12"]

1. e4 c5 2. Nc3 Nc6 3. Bb5 Nd4 4. Nf3 Nxb5 5. Nxb5 d6 6. d4 Nf6 7. Qd3 cxd4 8. Qxd4 a6 9. Nc3 e5 10. Qd3 h6 11. Nd2 Be6 12. O-O Rc8 13. Rd1 Be7 14. Nf1 O-O 15. Ne3 Qc7 16. Ncd5 Nxd5 17. exd5 Bd7 18. Bd2 f5 19. Bc3 f4 20. Nf1 Bf5 21. Qd2 Bg5 22. f3 e4 23. fxe4 Bxe4 24. Qd4 Qc5 25. Qxc5 Rxc5 26. Rd4 Bxd5 27. Rad1 Bc6 28. Rxd6 f3 29. gxf3 Bxf3 30. Re1 Bf4 31. Rg6 Rg5+ 32. Rxg5 Bxg5 33. Ng3 Rf7 34. Re8+ Kh7 35. Re1 Bc6 36. Ne4 Bd8 37. Nd6 Bb6+ 0-1


[Site "https://www.chess.com"]

[Event "Titled Tuesday Blitz July 27 2021"]
[White "Martinez Alcantara, Jose Eduardo"]
[Black "Damjanovic, Vladimir"]
[WhiteFideId "3805662"]
[BlackFideId "903795"]
[WhiteElo "2690"]
[BlackElo "2374"]
[Result "1-0"]
[Round "06"]
[TimeControl "180+1"]
[Date "2021.07.27"]
[WhiteClock "0:00:55"]
[BlackClock "0:00:02"]

1. e4 c6 2. Nf3 d5 3. d3 dxe4 4. dxe4 Qxd1+ 5. Kxd1 Nf6 6. Bd3 Bg4 7. Nd2 Nbd7 8. h3 Bh5 9. g4 Bg6 10. Nh4 e5 11. f3 Nc5 12. Nb3 O-O-O 13. Ke2 Nfd7 14. Be3 b6 15. Rhd1 Ne6 16. Bc4 Kc7 17. Bxe6 fxe6 18. a4 Be7 19. Ng2 Nb8 20. Bf2 Rxd1 21. Rxd1 Rd8 22. Ra1 Na6 23. c3 Kb7 24. Ne3 Nc5 25. Nxc5+ Bxc5 26. Nc4 Bxf2 27. Kxf2 b5 28. axb5 cxb5 29. Na5+ Kb6 30. Ke3 Be8 31. b4 Rc8 32. Kd2 Rd8+ 33. Kc2 Bc6 34. Nb3 Bb7 35. Nc5 Bc8 36. Nd3 1-0


[Site "https://www.chess.com"]

[Event "Titled Tuesday Blitz July 27 2021"]
[White "Matveeva, Olga"]
[Black "Dushyant Sharma"]
[WhiteFideId "24107018"]
[BlackFideId "25065130"]
[WhiteElo "2108"]
[BlackElo "2019"]
[Result "0-1"]
[Round "06"]
[TimeControl "180+1"]
[Date "2021.07.27"]
[WhiteClock "0:00:05"]
[BlackClock "0:01:15"]

1. d4 d5 2. c4 e6 3. Nf3 Be7 4. g3 Nf6 5. Bg2 O-O 6. O-O dxc4 7. Qc2 c5 8. dxc5 Nc6 9. Qxc4 e5 10. b4 Be6 11. Qc3 Nd5 12. Qb2 Ndxb4 13. a3 Na6 14. Qxb7 Qc8 15. Qxc8 Raxc8 16. Bb2 f6 17. Rc1 Nxc5 18. Nbd2 Na4 19. Ne1 Nd4 20. Bxd4 exd4 21. Nd3 Nc3 22. Kf1 Bf5 23. Nb3 Rfd8 24. Ke1 Be6 25. Nd2 f5 26. Nf3 Bf6 27. Nfe5 Re8 28. Kd2 Bc4 29. f4 Bxd3 30. exd3 Bxe5 31. fxe5 Rxe5 32. Re1 Rce8 33. Rxe5 Rxe5 34. Re1 Rxe1 35. Kxe1 Kf7 36. Kd2 Nb1+ 37. Kc2 Nxa3+ 38. Kb3 Nb5 39. Kc4 a6 40. Kd5 Kf6 41. Bf3 g5 42. h4 h6 43. hxg5+ hxg5 44. Bg2 g4 45. Bf1 Kg5 46. Bg2 f4 47. gxf4+ Kxf4 48. Kc5 Ke3 49. Be4 Nc3 50. Bf5 g3 0-1


[Site "https://www.chess.com"]

[Event "Titled Tuesday Blitz July 27 2021"]
[White "Milosevic, Milos"]
[Black "Leiva, Gianmarco"]
[WhiteFideId "964875"]
[BlackFideId "3804399"]
[WhiteElo "2135"]
[BlackElo "2365"]
[Result "0-1"]
[Round "06"]
[TimeControl "180+1"]
[Date "2021.07.27"]
[WhiteClock "0:00:03"]
[BlackClock "0:00:09"]

1. d4 Nf6 2. c4 e6 3. Nc3 Bb4 4. Bd2 O-O 5. e3 d5 6. cxd5 exd5 7. Bd3 c6 8. Nge2 Re8 9. O-O a5 10. Ng3 Bf8 11. h3 Na6 12. a3 Nc7 13. Nh5 Ne4 14. Nxe4 dxe4 15. Bc4 Nd5 16. f3 Bxh3 17. fxe4 Qg5 18. Qf3 Bg4 19. Qxf7+ Kh8 20. Nf4 Re7 21. Ne6 Bxe6 22. Qxf8+ Rxf8 23. Rxf8+ Bg8 24. exd5 cxd5 25. e4 Qxd2 26. Bxd5 Qxd4+ 27. Kh1 h5 28. Bxg8 g6 29. Bd5+ Kg7 30. Raf1 Kh6 31. R8f6 Qxb2 32. Bf7 Rxf7 33. Rxf7 Qe5 34. Rf8 Qxe4 35. R8f7 Kg5 36. Rf8 a4 37. Rc1 Qd5 38. Rfc8 Qd3 39. R8c5+ Kh6 40. R5c3 Qd6 41. Rc5 Qg3 42. R5c3 Qh4+ 43. Kg1 Qd4+ 44. Kf1 b5 45. Ke2 Qe4+ 46. Re3 Qxg2+ 47. Kd3 Qd5+ 48. Ke2 Qg2+ 49. Kd3 Qd5+ 50. Ke2 Qa2+ 51. Kf3 Qf7+ 52. Ke2 h4 53. Rh1 Kh5 54. Rd1 g5 55. Rd6 Qc4+ 56. Kf3 Qf4+ 57. Ke2 Qxd6 0-1


[Site "https://www.chess.com"]

[Event "Titled Tuesday Blitz July 27 2021"]
[White "Miranda, Rafael"]
[Black "Devaev, Alexander"]
[WhiteFideId "130990"]
[BlackFideId "4169395"]
[WhiteElo "2159"]
[BlackElo "2185"]
[Result "0-1"]
[Round "06"]
[TimeControl "180+1"]
[Date "2021.07.27"]
[WhiteClock "0:00:36"]
[BlackClock "0:00:30"]

1. e4 c6 2. d4 d5 3. e5 Bf5 4. Nf3 e6 5. Be2 Nd7 6. O-O h6 7. Nbd2 Ne7 8. Nb3 Rc8 9. Be3 Bg4 10. h3 Bh5 11. a4 Nf5 12. a5 a6 13. Bd3 Bg6 14. Be2 c5 15. c3 Be7 16. Re1 Nxe3 17. fxe3 O-O 18. Nbd2 f6 19. exf6 Bxf6 20. Rf1 e5 21. dxe5 Nxe5 22. Nxe5 Bxe5 23. Bg4 Rxf1+ 24. Nxf1 Rc6 25. Bf3 Rd6 26. Qb3 Qd7 27. Rd1 Bf7 28. Qa3 Qc7 29. b4 cxb4 30. cxb4 d4 31. exd4 Bxd4+ 32. Kh1 b5 33. Rc1 Qe7 34. Ng3 Bg6 35. Qb3+ Kh7 36. Be4 Bxe4 37. Re1 Bxg2+ 38. Kxg2 Qxe1 39. Qd3+ Kh8 0-1


[Site "https://www.chess.com"]

[Event "Titled Tuesday Blitz July 27 2021"]
[White "Mirzoev, Azer"]
[Black "Nugumanov, Bakhtiyar"]
[WhiteFideId "13400304"]
[BlackFideId "13701797"]
[WhiteElo "2525"]
[BlackElo "2262"]
[Result "0-1"]
[Round "06"]
[TimeControl "180+1"]
[Date "2021.07.27"]
[WhiteClock "0:00:46"]
[BlackClock "0:00:11"]

1. d4 Nf6 2. c4 g6 3. Nc3 Bg7 4. e4 d6 5. f3 O-O 6. Be3 a6 7. Nge2 Nbd7 8. Qd2 c6 9. c5 dxc5 10. dxc5 Qc7 11. Nc1 Ne5 12. Be2 Rd8 13. Qc2 Be6 14. b3 Qa5 15. a3 Qc7 16. O-O h5 17. Rb1 a5 18. Na4 Ned7 19. Nd3 Nh7 20. h3 Bxh3 21. Bf4 e5 22. Be3 Be6 23. Ndb2 h4 24. Bc4 Ndf8 25. Qf2 h3 26. g3 Bf6 27. Kh2 Bg5 28. Nb6 Rab8 29. Rbd1 Bxe3 30. Qxe3 Rxd1 31. Rxd1 Rd8 32. Bxe6 Nxe6 33. Kxh3 Rxd1 34. Nxd1 Nd4 35. Kg2 Qe7 36. b4 axb4 37. axb4 Ng5 38. f4 Nge6 39. Nf2 exf4 40. gxf4 Qh4 41. Nh3 Qg4+ 42. Kf2 Nc2 43. Qf3 Qh4+ 44. Qg3 Qxg3+ 45. Kxg3 Nxb4 46. Nd7 Nd3 47. f5 gxf5 48. exf5 Nexc5 49. Nb6 Kf8 50. Ng5 Ke7 51. Kf3 Nd7 52. Nc4 N3e5+ 53. Nxe5 Nxe5+ 54. Ke4 f6 55. Ne6 Kd6 56. Nf4 b5 57. Nh5 Ke7 58. Nf4 Nd7 59. Kd4 Kd6 60. Ne6 c5+ 61. Ke4 b4 62. Kd3 Kd5 63. Nf4+ Ke5 64. Nh5 Kxf5 65. Kc4 Ke6 66. Nf4+ Ke5 67. Nd3+ Ke4 68. Nf2+ Ke3 69. Ng4+ Kf4 70. Nh6 f5 71. Kb3 Ke4 72. Nf7 f4 73. Ng5+ Kd5 74. Nh3 f3 75. Nf2 Kd4 76. Kc2 Ke3 77. Ng4+ Ke2 78. Nh2 f2 0-1


[Site "https://www.chess.com"]

[Event "Titled Tuesday Blitz July 27 2021"]
[White "Moksh Amit Doshi"]
[Black "Rustemov, Alexander"]
[WhiteFideId "25064967"]
[BlackFideId "4119002"]
[WhiteElo "2245"]
[BlackElo "2795"]
[Result "0-1"]
[Round "06"]
[TimeControl "180+1"]
[Date "2021.07.27"]
[WhiteClock "0:00:19"]
[BlackClock "0:00:23"]

1. d4 d5 2. c4 e6 3. Nf3 Nf6 4. g3 Be7 5. Bg2 O-O 6. O-O Nbd7 7. Qc2 c6 8. Nbd2 b6 9. e4 Bb7 10. e5 Ne8 11. cxd5 cxd5 12. Re1 Rc8 13. Qd1 Qc7 14. Nb1 Qc2 15. Qxc2 Rxc2 16. Nc3 Bb4 17. Re3 Bxc3 18. bxc3 Ba6 19. Bf1 Bxf1 20. Kxf1 b5 21. Ba3 Nb6 22. Bxf8 Kxf8 23. Ne1 Rb2 24. Re2 Rxe2 25. Kxe2 h5 26. Nd3 g6 27. Nc5 Nc7 28. a4 a5 29. Kd3 bxa4 30. Nxa4 Nc4 31. Rb1 Ke7 32. Rb7 Kd7 33. Nb6+ Kc6 34. Rxc7+ Kxc7 35. Nxc4 dxc4+ 36. Kxc4 Kc6 37. Kb3 Kd5 38. Ka4 Kc4 39. Kxa5 Kxc3 40. Kb5 Kxd4 41. f4 g5 42. Kc6 gxf4 43. gxf4 Ke4 44. Kd6 Kxf4 0-1


[Site "https://www.chess.com"]

[Event "Titled Tuesday Blitz July 27 2021"]
[White "Molina, Roberto Junio Brito"]
[Black "Makhnev, Denis"]
[WhiteFideId "2109450"]
[BlackFideId "13707647"]
[WhiteElo "2402"]
[BlackElo "2537"]
[Result "0-1"]
[Round "06"]
[TimeControl "180+1"]
[Date "2021.07.27"]
[WhiteClock "0:00:44"]
[BlackClock "0:00:20"]

1. d4 d5 2. c4 e6 3. Nc3 c6 4. e3 Nf6 5. Nf3 Bd6 6. Qc2 Nbd7 7. Be2 O-O 8. b3 a6 9. Bb2 b5 10. O-O Bb7 11. a4 b4 12. Nb1 c5 13. Nbd2 Rc8 14. Rac1 Qe7 15. Rfd1 cxd4 16. Nxd4 g6 17. Qb1 Ne5 18. N4f3 Nfd7 19. cxd5 Rxc1 20. Rxc1 Bxd5 21. Nxe5 Nxe5 22. Bxa6 Ng4 23. h3 Nxe3 24. fxe3 Qg5 25. e4 Qe3+ 26. Kh1 Qxd2 27. exd5 Qf4 28. Kg1 Qe3+ 29. Kh1 Qg3 30. Kg1 Qh2+ 31. Kf2 Bg3+ 32. Kf3 Bf4 33. Kf2 Bg3+ 34. Kf3 Bh4 35. Qe4 Qg3+ 36. Ke2 Qf2+ 37. Kd1 Qxb2 38. Qxh4 Qxb3+ 39. Ke1 Qe3+ 40. Kd1 Qg1+ 41. Qe1 Qxg2 42. d6 Rd8 43. Rc8 Rxc8 44. Bxc8 b3 45. d7 Qc2# 0-1


[Site "https://www.chess.com"]

[Event "Titled Tuesday Blitz July 27 2021"]
[White "Moskalenko, Alexander"]
[Black "Tang, Andrew"]
[WhiteFideId "4155351"]
[BlackFideId "2059630"]
[WhiteElo "2495"]
[BlackElo "2599"]
[Result "0-1"]
[Round "06"]
[TimeControl "180+1"]
[Date "2021.07.27"]
[WhiteClock "0:00:02"]
[BlackClock "0:00:05"]

1. d4 d5 2. c4 e6 3. Nf3 Nf6 4. g3 dxc4 5. Bg2 Nc6 6. Qa4 Bd7 7. Qxc4 Na5 8. Qd3 c5 9. Nc3 Bc6 10. Be3 c4 11. Qc2 b5 12. a3 Be7 13. O-O O-O 14. Rad1 Nd5 15. Bd2 Nxc3 16. Bxc3 Qb6 17. e4 Rad8 18. Ne5 Bb7 19. d5 Nb3 20. Qe2 f6 21. Nc6 Bxc6 22. dxc6 e5 23. Rd7 Rxd7 24. cxd7 Qe6 25. Rd1 Rd8 26. Qh5 g6 27. Bh3 Qc6 28. Qg4 Nc5 29. Rd5 Kf7 30. Ba5 f5 31. Qd1 Rxd7 32. Rxd7 Qxd7 33. Qxd7 Nxd7 34. exf5 Nc5 35. fxg6+ hxg6 36. Bc3 e4 37. Bd4 Nd3 38. Bg2 Bc5 39. Bc3 Nxf2 40. Kf1 Ke6 41. Ke2 Kd5 42. h4 Nd3 43. Bh3 Bd4 44. Bd7 a6 45. Bc8 Nxb2 46. Bxb2 Bxb2 47. Bxa6 Kc5 0-1


[Site "https://www.chess.com"]

[Event "Titled Tuesday Blitz July 27 2021"]
[White "Muradli, Mahammad"]
[Black "Omk124"]
[WhiteFideId "13409301"]
[WhiteElo "2482"]
[BlackElo "2584"]
[Result "1-0"]
[Round "06"]
[TimeControl "180+1"]
[Date "2021.07.27"]
[WhiteClock "0:02:24"]
[BlackClock "0:01:29"]

1. Nf3 Nf6 2. c4 g6 3. Nc3 Bg7 4. e4 d6 5. d4 O-O 6. Be2 e5 7. Be3 Nc6 8. d5 Ne7 9. Nd2 Nd7 10. O-O f5 11. f3 f4 12. Bf2 g5 13. b4 Ng6 14. c5 Rf7 15. Rc1 Bf8 16. cxd6 cxd6 17. Nb5 Nf6 18. Nc4 b6 19. a4 h5 20. a5 Ba6 21. Nbxd6 Bxd6 22. Nxd6 Bxe2 23. Nxf7 Kxf7 24. Qxe2 g4 25. Rc6 gxf3 26. gxf3 Qe7 27. Kh1 Rg8 28. Qc4 Kg7 29. Rc7 Nd7 30. Qc6 Ngf8 31. Rg1+ Kh8 32. Qh6+ Qh7 33. Rxg8+ Kxg8 34. Qxh7+ Kxh7 35. Rxa7 bxa5 36. bxa5 Kg6 37. Rxd7 1-0


[Site "https://www.chess.com"]

[Event "Titled Tuesday Blitz July 27 2021"]
[White "Murzin, Volodar"]
[Black "Karwowski, Kacper"]
[WhiteFideId "44155573"]
[BlackFideId "1126032"]
[WhiteElo "2541"]
[BlackElo "2162"]
[Result "1-0"]
[Round "06"]
[TimeControl "180+1"]
[Date "2021.07.27"]
[WhiteClock "0:00:08"]
[BlackClock "0:00:04"]

1. e4 c6 2. Nf3 d5 3. exd5 cxd5 4. Ne5 Nc6 5. Bb5 Bd7 6. Bxc6 bxc6 7. O-O g6 8. d4 Bg7 9. Re1 Nf6 10. c4 Ng8 11. Nc3 Nf6 12. Bg5 O-O 13. c5 Qc8 14. b4 a5 15. a3 axb4 16. axb4 Rb8 17. Qa4 h6 18. Bxf6 Bxf6 19. Nxd5 Be8 20. Nxf6+ exf6 21. Nc4 Qd8 22. Nd6 Bd7 23. Qa5 Be6 24. Qxd8 Rfxd8 25. Reb1 Bd5 26. f3 g5 27. Kf2 h5 28. Ra7 h4 29. g3 hxg3+ 30. hxg3 Ra8 31. Rxa8 Rxa8 32. Rb2 Ra3 33. Ne4 Kg7 34. g4 Kg6 35. b5 cxb5 36. Rxb5 Ra2+ 37. Kg3 Ra3 38. Kg2 Ra2+ 39. Kg1 Ra3 40. Kf2 Ra2+ 41. Ke1 Ra3 42. Kd2 Rxf3 43. Nc3 Bc4 44. c6 Bxb5 45. Nxb5 Rf2+ 46. Kc3 Rf1 47. Na3 Ra1 48. Kb3 Rc1 49. Nc4 Rb1+ 50. Kc3 Rb8 51. d5 f5 52. c7 Rc8 53. d6 fxg4 54. d7 Rxc7 55. d8=Q Rxc4+ 56. Kxc4 Kf5 57. Qd4 g3 58. Kd3 f6 59. Ke2 g4 60. Kf1 Kg5 61. Kg2 f5 62. Kxg3 1-0


[Site "https://www.chess.com"]

[Event "Titled Tuesday Blitz July 27 2021"]
[White "Nakamura, Hikaru"]
[Black "Nogerbek, Kazybek"]
[WhiteFideId "2016192"]
[BlackFideId "13710427"]
[WhiteElo "2900"]
[BlackElo "2466"]
[Result "1-0"]
[Round "06"]
[TimeControl "180+1"]
[Date "2021.07.27"]
[WhiteClock "0:01:00"]
[BlackClock "0:00:50"]

1. Nf3 Nf6 2. b3 g6 3. Bb2 Bg7 4. d4 O-O 5. e3 b6 6. Be2 Bb7 7. O-O c5 8. dxc5 bxc5 9. c4 d6 10. Qc2 Nbd7 11. Nc3 Ne4 12. Na4 Nef6 13. Nd2 Bc6 14. Nc3 a5 15. a4 Ne5 16. Nb5 Bb7 17. Bxe5 dxe5 18. Rad1 Qb8 19. Bf3 Bxf3 20. Nxf3 e4 21. Nd2 Qe5 22. Rfe1 Rfd8 23. h3 Kf8 24. Nc3 Ng4 25. Ndxe4 Qh2+ 26. Kf1 Nh6 27. Rxd8+ Rxd8 28. Ne2 Nf5 29. Rd1 Rc8 30. Ng5 Nh4 31. Qe4 Bf6 32. Qxh4 h5 33. Nh7+ Kg7 34. Nxf6 exf6 35. Qf4 1-0


[Site "https://www.chess.com"]

[Event "Titled Tuesday Blitz July 27 2021"]
[White "Nastore, Pavel-Alexandru"]
[Black "Ovchinnikov, Vsevolod"]
[WhiteFideId "1255002"]
[BlackFideId "24176842"]
[WhiteElo "1763"]
[BlackElo "2376"]
[Result "0-1"]
[Round "06"]
[TimeControl "180+1"]
[Date "2021.07.27"]
[WhiteClock "0:00:12"]
[BlackClock "0:00:17"]

1. e4 g6 2. d4 Bg7 3. c4 d6 4. Nc3 Nf6 5. Be2 Na6 6. Be3 O-O 7. Qd2 c5 8. d5 e6 9. f3 exd5 10. cxd5 Nc7 11. Bc4 Re8 12. Nge2 Rb8 13. a4 b6 14. Ng3 a6 15. O-O b5 16. axb5 axb5 17. Be2 h5 18. Rfc1 b4 19. Nd1 h4 20. Nf1 Nh5 21. Ra7 f5 22. Nf2 Rb7 23. Rxb7 Bxb7 24. Qc2 Bc8 25. Bc4 Qf6 26. b3 h3 27. Nxh3 fxe4 28. fxe4 Bxh3 29. gxh3 Qh4 30. Bf2 Qxh3 31. Ng3 Nf4 32. Bf1 Qg4 33. Qa2 Ra8 34. Qc2 Be5 35. Qd1 Nh3+ 36. Bxh3 Qxh3 37. Qf3 Rf8 38. Qg2 Qxg2+ 39. Kxg2 Nb5 40. Ne2 Ra8 41. Kf3 Ra3 42. Kg4 Rxb3 43. Kg5 Kg7 44. Nf4 Rf3 45. Ne6+ Kh7 46. Bxc5 dxc5 47. Rxc5 Nd4 48. Rc7+ Bxc7 49. Nxc7 b3 50. Ne6 Nxe6+ 51. dxe6 Rf8 52. e7 Re8 53. Kf6 b2 54. Kf7 Rxe7+ 55. Kxe7 b1=Q 56. Kf6 Qxe4 57. h4 Qf5+ 58. Ke7 Qh5 59. Kf8 Qxh4 60. Kf7 Qh6 61. Ke8 Qg7 62. Kd8 g5 63. Kc8 Kg6 64. Kb8 Kf6 65. Ka8 Ke6 66. Kb8 Kd6 67. Ka8 Kc6 68. Kb8 Qb7# 0-1


[Site "https://www.chess.com"]

[Event "Titled Tuesday Blitz July 27 2021"]
[White "Nesterov, Arseniy"]
[Black "Shahade, Gregory"]
[WhiteFideId "24198455"]
[BlackFideId "2009064"]
[WhiteElo "2477"]
[BlackElo "2684"]
[Result "0-1"]
[Round "06"]
[TimeControl "180+1"]
[Date "2021.07.27"]
[WhiteClock "0:00:15"]
[BlackClock "0:00:02"]

1. d4 Nf6 2. c4 g6 3. Nc3 d5 4. cxd5 Nxd5 5. e4 Nxc3 6. bxc3 Bg7 7. Qa4+ Nd7 8. Nf3 O-O 9. Be2 e5 10. O-O Nb6 11. Qa3 exd4 12. cxd4 Bg4 13. Bg5 Qd6 14. Qxd6 cxd6 15. Rac1 Rfe8 16. Bd3 Bxf3 17. gxf3 Bxd4 18. Rc7 Rec8 19. Rxb7 Rc3 20. Rd1 Ra3 21. Bc2 Rxa2 22. Bb3 Ra1 23. Rxa1 Bxa1 24. Rxf7 Kh8 25. f4 Bg7 26. f5 gxf5 27. exf5 Rf8 28. Rxa7 Rxf5 29. Be7 d5 30. Rb7 Bd4 31. Rb8+ Kg7 32. Rg8+ Kxg8 0-1


[Site "https://www.chess.com"]

[Event "Titled Tuesday Blitz July 27 2021"]
[White "Nguyen, Quoc Hy"]
[Black "Lee, Qing Aun"]
[WhiteFideId "12410853"]
[BlackFideId "5804167"]
[WhiteElo "1975"]
[BlackElo "2023"]
[Result "0-1"]
[Round "06"]
[TimeControl "180+1"]
[Date "2021.07.27"]
[WhiteClock "0:00:01"]
[BlackClock "0:00:02"]

1. d4 f5 2. c4 Nf6 3. Nc3 g6 4. g3 Bg7 5. Bg2 O-O 6. Nf3 d6 7. O-O c6 8. Re1 Nbd7 9. e4 fxe4 10. Nxe4 Nxe4 11. Rxe4 e5 12. Bg5 Bf6 13. Bh6 Re8 14. Qe2 d5 15. Re3 e4 16. Nd2 Nf8 17. Rd1 Bf5 18. Nb3 b6 19. Rc3 Qd7 20. cxd5 cxd5 21. Rdc1 Bg4 22. Qd2 Rac8 23. Qf4 Rxc3 24. Rxc3 Bd8 25. Bf1 Bf5 26. Ba6 Ne6 27. Qc1 Bc7 28. Be3 Bd6 29. Be2 Ng7 30. Qd1 Rf8 31. Nd2 Be6 32. Bf1 Nf5 33. a3 Nxe3 34. Rxe3 Bg4 35. Qc1 h5 36. Qc2 h4 37. Qb3 Be6 38. Qd1 hxg3 39. hxg3 Kg7 40. Bg2 Rh8 41. Rc3 Bh3 42. Qf1 Bg4 43. Qe1 Qf5 44. Nf1 Bf3 45. Ne3 Qh5 46. Bxf3 exf3 47. Ng4 Qh1# 0-1


[Site "https://www.chess.com"]

[Event "Titled Tuesday Blitz July 27 2021"]
[White "Onyshchuk, Volodymyr"]
[Black "Yaran, Siar"]
[WhiteFideId "14114038"]
[BlackFideId "6323006"]
[WhiteElo "2603"]
[BlackElo "1977"]
[Result "1-0"]
[Round "06"]
[TimeControl "180+1"]
[Date "2021.07.27"]
[WhiteClock "0:01:20"]
[BlackClock "0:00:16"]

1. e4 e5 2. Nf3 Nc6 3. Bc4 Bc5 4. c3 Nf6 5. d3 a6 6. Nbd2 d6 7. Bb3 O-O 8. O-O h6 9. h3 Re8 10. Re1 Ba7 11. Bc2 Be6 12. Nf1 d5 13. exd5 Qxd5 14. Ng3 Rad8 15. Nh4 Qd7 16. Qf3 Bd5 17. Ne4 Nxe4 18. dxe4 Be6 19. Nf5 Ne7 20. h4 f6 21. Qg4 Nxf5 22. exf5 Bd5 23. Bxh6 Qf7 24. b3 Kh7 25. Be3 Bxe3 26. Rxe3 Bc6 27. Rd1 Rxd1+ 28. Qxd1 Qe7 29. b4 e4 30. Qh5+ 1-0


[Site "https://www.chess.com"]